 Dungeon Crawl Stone Soup version 0.28-b1-1-g3c77fb2ed1 (webtiles) character file.

Game seed: 13788393794989159750

78 markar the Stinger (level 4, 0/27 HPs)
             Began as an Octopode Venom Mage on Jan 31, 2022.
             Slain by a giant cockroach (2 damage)
             ... on level 2 of the Dungeon.
             The game lasted 00:07:28 (2236 turns).

markar the Stinger (Octopode Venom Mage)            Turns: 2236, Time: 00:07:28

Health: 0/27       AC:  1    Str:  7    XL:     4   Next: 36%
Magic:  1/7        EV: 13    Int: 17    God:
Gold:   101        SH:  0    Dex: 14    Spells: 6/7 levels left

rFire   . . .      SeeInvis .   (no weapon)
rCold   . . .      Faith    .   (no shield)
rNeg    . . .      Spirit   .   (helmet restricted)
rPois   .          Reflect  .   (no amulet)
rElec   .          Harm     .   (no ring)
rCorr   .          Rampage  .   (no ring)
Will    .....                   (no ring)
Stlth   +++.......              (no ring)
HPRegen 0.09/turn               (no ring)
MPRegen 0.10/turn               (no ring)
                                (no ring)
                                (no ring)

@: lethally poisoned (0 -> -9)
A: almost no armour, amphibious, 8 rings, camouflage 1, gelatinous body 1,
(nimble swimmer 1), tentacles
a: no special abilities


You were on level 2 of the Dungeon.
You visited 1 branch of the dungeon, and saw 2 of its levels.

You collected 101 gold pieces.

Inventory:

Armour
 i - a +0 buckler
Jewellery
 j - an amulet of regeneration
Scrolls
 a - a scroll of magic mapping {unknown}
 c - a scroll of fear {unknown}
 d - a scroll of teleportation {unknown}
 e - a scroll of immolation {unknown}
 f - a scroll of torment {unknown}
 g - a scroll of silence {unknown}
 h - a scroll of vulnerability {unknown}
Potions
 b - a potion of degeneration {unknown}


   Skills:
 + Level 0.1 Fighting
 + Level 2.2 Dodging
 + Level 3.4 Stealth
 + Level 0.5 Unarmed Combat
 - Level 2.1 Spellcasting
 - Level 1.0 Transmutations
 + Level 5.4 Poison Magic


You had 6 spell levels left.
You knew the following spells:

 Your Spells              Type           Power      Damage    Failure   Level
a - Sting                 Tmut/Pois      48%        1d5       4%          1

Your spell library contained the following spells:

 Spells                   Type           Power      Damage    Failure   Level
 Poisonous Vapours        Pois/Air       22%        N/A       10%         2
 Beastly Appendage        Tmut           10%        N/A       13%         1
 Spider Form              Tmut/Pois      12%        N/A       16%         3
 Wereblood                Tmut           5%         N/A       19%         2
 Olgreb's Toxic Radiance  Pois           20%        N/A       21%         4
 Mephitic Cloud           Conj/Pois/Air  7%         N/A       26%         3
 Dazzling Flash           Conj/Hex       2%         N/A       50%         3
 Agony                    Necr           1%         N/A       99%         5
 Silence                  Hex/Air        0%         N/A       99%         5


Dungeon Overview and Level Annotations

Branches:
Dungeon (2/15)

Altars:


Innate Abilities, Weirdness & Mutations

You cannot wear most types of armour.
You are amphibious.
You can wear up to eight rings at the same time.
Your skin changes colour to match your surroundings (Stealth+).
Your rubbery body absorbs attacks. (AC +1, EV +1)
((You are camouflaged when in or above water. (Stealth+)))
You have tentacles for arms and can constrict up to eight enemies at once.


Message History

Casting: Sting (safe; 4% risk of failure)
Confirm with . or Enter, or press ? or * to list all spells.
Aiming: Sting (safe; 4% risk of failure)
Press: ? - help, Shift-Dir - straight line, f/p - adder
Aim: an adder (53% to hit)
The sting hits the adder.
The adder is poisoned.
The adder is lightly wounded.
You feel sick. The adder misses you.
Casting: Sting (safe; 4% risk of failure)
Confirm with . or Enter, or press ? or * to list all spells.
Aiming: Sting (safe; 4% risk of failure)
Press: ? - help, Shift-Dir - straight line, f/p - adder
Aim: an adder (lightly wounded, poisoned, 53% to hit)
The sting misses the adder.
You feel sick. The adder misses you.
You tentacle-slap the adder. You grab the adder.
The adder is moderately wounded.
You constrict the adder.
You feel sick. The adder misses you. The adder bites you.
You are more poisoned.
The adder poisons you!
You tentacle-slap the adder.
The adder is heavily wounded.
You constrict the adder, but do no damage.
* * * LOW HITPOINT WARNING * * *
You feel sick. The adder bites you.
* * * LOW HITPOINT WARNING * * *
You are more poisoned.
The adder poisons you!
You tentacle-slap the adder.
The adder is severely wounded.
You constrict the adder.
* * * LOW HITPOINT WARNING * * *
You feel very sick.
The adder looks more healthy.
The giant cockroach closely misses you. The adder misses you.
You tentacle-slap the adder.
You kill the adder!
* * * LOW HITPOINT WARNING * * *
You feel sick. The giant cockroach bites you.
You die...

#.. #.# #... ..
#... ##..
#...##..## #
##...#..⌠.## .#
#.....⌠....#.#
###...#.†..⌠...#
......##B@..#
### #....##..##
..# #.......##
#.######
#..÷.##....#
#..÷...#
###)..######
#.####.# #...#
#.####.# #...#
#...##.# #...#
#.#.##.# #...#


You could see a giant cockroach.

Vanquished Creatures
  Jessica (D:2)
  An adder (D:2)
  A worm (D:2)
  A dart slug (D:1)
  2 endoplasms
  2 giant cockroaches (D:1)
  7 goblins
  7 hobgoblins
  5 kobolds
  A quokka (D:1)
  5 ball pythons
  5 bats
  2 frilled lizards
  4 rats (D:1)
44 creatures vanquished.

Notes
Turn   | Place    | Note
-------+----------+-------------------------------------------
     0 | D:1      | markar the Octopode Venom Mage began the quest for the Orb.
     0 | D:1      | Reached XP level 1. HP: 11/11 MP: 3/3
   374 | D:1      | Reached skill level 4 in Poison Magic
   416 | D:1      | Reached XP level 2. HP: 17/17 MP: 3/5
  1093 | D:1      | Found a faded altar of an unknown god.
  1112 | D:1      | Reached XP level 3. HP: 21/21 MP: 3/6
  1941 | D:2      | Noticed Jessica
  1949 | D:2      | Killed Jessica
  1950 | D:2      | Reached skill level 5 in Poison Magic
  1950 | D:2      | Reached XP level 4. HP: 27/27 MP: 3/7
  2236 | D:2      | Slain by a giant cockroach

Illustrated notes

Levels and vault maps discovered:
D:1:      dpeg_arrival_castle, layout_loops_ring,
          shapermc_ecumenical_altar_venn, minivault_11
D:2:      layout_loops_cross, minmay_pentomino_w4, uniq_jessica

Skill      XL: |  1  2  3 |
---------------+----------+-----
Poison Magic   | 4 5 |  5.4
Stealth        | 3 |  3.4
Fighting       | |  0.1
Dodging        | |  2.2
Unarmed Combat | |  0.5
Spellcasting   | |  2.1
Transmutations | |  1.0

Action                   |  1- 3 |  4- 6 || total
-------------------------+-------+-------++-------
Melee: Unarmed           |     6 |    10 ||    16
       Tentacles         |     3 |     3 ||     6
       Constrict         |     2 |     2 ||     4
 Cast: Sting             |    64 |    14 ||    78
Armor: Skin              |     5 |     1 ||     6
Dodge: Dodged            |    19 |    26 ||    45
